 Dungeon Crawl Stone Soup version 0.30-a0-373-gd37427bb62 (webtiles) character file.

Game seed: 11093167238177584029

1913 pokeman the Thaumaturge (level 8, -6/45 HPs)
             Began as a Deep Elf Hedge Wizard on Nov 24, 2022.
             Mangled by a gnoll sergeant
             ... wielding a +2 antimagic trident
              (9 damage)
             ... on level 6 of the Dungeon.
             The game lasted 00:13:13 (7069 turns).

pokeman the Thaumaturge (Deep Elf Hedge Wizard)     Turns: 7069, Time: 00:13:14

Health: -6/45      AC:  3    Str:  7    XL:     8   Next: 95%
Magic:  0/25       EV: 12    Int: 22    God:
Gold:   256        SH:  0    Dex: 14    Spells: 21/29 levels left

rFire   . . .      SeeInvis +    B - +1 whip (drain)
rCold   . . .      Faith    .    (no shield)
rNeg    . . .      Spirit   .    m - +0 leather armour
rPois   .          Reflect  .    c - +0 hat
rElec   .          Harm     .    (no cloak)
rCorr   .          Rampage  .    (no gloves)
Will    .....                    (no boots)
Stlth   ++........               (no amulet)
HPRegen 0.27/turn                p - ring of flight
MPRegen 0.19/turn                s - ring of see invisible

@: flying
A: no striking features
a: no special abilities


You were on level 6 of the Dungeon.
You visited 1 branch of the dungeon, and saw 6 of its levels.

You collected 256 gold pieces.

Inventory:

Hand Weapons
 A - the +7 spear of Dissolution {antimagic, *Corrode Fly rC+++ SInv}
   (You found it on level 5 of the Dungeon)

   It reduces the magical energy of the wielder, and disrupts the spells and
   magical abilities of those it strikes.
   Natural abilities and divine invocations are not affected.
   rC:        It renders you almost immune to cold.
   SInv:      It lets you see invisible.
   Fly:       It grants you flight.
   *Corrode:  It may corrode you when you take damage.
 B - a +1 whip of draining (weapon)
Missiles
 l - 5 curare-tipped darts
 y - 6 poisoned darts
Armour
 c - a +0 hat (worn)
 m - a +0 leather armour (worn)
Jewellery
 p - a ring of flight (left hand)
 s - a ring of see invisible (right hand)
Scrolls
 a - a scroll of enchant armour {unknown}
 b - 3 scrolls of summoning {unknown}
 e - a scroll of immolation {unknown}
 g - a scroll of fear {unknown}
 h - 6 scrolls of noise {unknown}
 j - 4 scrolls of teleportation {unknown}
 k - 4 scrolls of poison {unknown}
 o - a scroll of torment {unknown}
 q - 2 scrolls of brand weapon {unknown}
 u - a scroll of amnesia {unknown}
 v - a scroll of identify {unknown}
 z - a scroll of vulnerability {unknown}
Potions
 d - 2 potions of magic
 f - 2 potions of curing
 i - 2 potions of heal wounds
 n - a potion of might {unknown}
 r - a potion of resistance {unknown}
 t - 2 potions of degeneration {unknown}
 w - a potion of flight {unknown}


   Skills:
 + Level 2.3 Fighting
 - Level 3.1 Armour
 - Level 4.2 Dodging
 - Level 3.0 Stealth
 * Level 11.1 Spellcasting
 + Level 6.1 Conjurations
 - Level 1.1 Summonings
 - Level 1.1 Translocations
 - Level 1.1 Air Magic
 - Level 1.3 Poison Magic


You had 21 spell levels left.
You knew the following spells:

 Your Spells              Type           Power      Damage    Failure   Level
a - Magic Dart            Conj           100%       1d8       1%          1
b - Mephitic Cloud        Conj/Pois/Air  24%        N/A       8%          3
c - Call Imp              Summ           17%        N/A       8%          2
d - Blink                 Tloc           34%        N/A       8%          2

Your spell library contained the following spells:

 Spells                   Type           Power      Damage    Failure   Level
 Sting                    Tmut/Pois      60%        1d6       6%          1
 Poisonous Vapours        Pois/Air       34%        N/A       7%          2
 Slow                     Hex            48%        N/A       8%          1
 Cigotuvi's Dreadful Rot  Necr/Pois/Air  30%        N/A       9%          2
 Ensorcelled Hibernation  Hex/Ice        24%        N/A       12%         2
 Spider Form              Tmut/Pois      15%        N/A       19%         3
 Olgreb's Toxic Radiance  Pois           18%        N/A       41%         4
 Anguish                  Hex/Necr       6%         N/A       61%         4


Dungeon Overview and Level Annotations

Branches:
Dungeon (6/15)
 Temple: D:4-7

Altars:

Shops:
D:1 :


Message History

Your magical contamination has completely faded away.
The howler monkey hoots and howls with incredible vigour!
You hear a shout! x3
The howler monkey hoots and howls with incredible vigour!
A gnoll comes into view. It is wielding a +0 spear.
A gnoll sergeant comes into view. It is wielding a +2 antimagic trident.
A gnoll comes into view. It is wielding a +0 spear.
The howler monkey hoots and howls with incredible vigour!
The gnoll moves out of view.
You hear a shout!
Casting: Mephitic Cloud (dangerous; 8% risk of failure)
Confirm with . or Enter, or press ? or * to list all spells.
Aiming: Mephitic Cloud (dangerous; 8% risk of failure)
Press: ? - help, Shift-Dir - straight line, f - gnoll
Aim: a gnoll, wielding a +0 spear (chance to affect: 91%)
The ball explodes into a vile cloud!
The stinking cloud engulfs the gnoll but does no damage.
The stinking cloud engulfs the gnoll sergeant but does no damage.
The gnoll is engulfed in noxious fumes.
The gnoll appears confused.
A gnoll comes into view. It is wielding a +0 club.
Unknown command.
Casting: Mephitic Cloud (dangerous; 8% risk of failure)
Confirm with . or Enter, or press ? or * to list all spells.
Aiming: Mephitic Cloud (dangerous; 8% risk of failure)
Press: ? - help, Shift-Dir - straight line, f/p - gnoll
Aim: a gnoll, wielding a +0 spear (confused, chance to affect: 91%)
The ball explodes into a vile cloud!
The stinking cloud engulfs the gnoll but does no damage.
The stinking cloud engulfs the gnoll sergeant but does no damage.
The stinking cloud engulfs the gnoll but does no damage.
The gnoll is engulfed in noxious fumes.
The gnoll appears confused.
The gnoll sergeant is engulfed in noxious fumes.
The gnoll sergeant hits you from afar with a +2 antimagic trident!
* * * LOW HITPOINT WARNING * * *
The gnoll is engulfed in noxious fumes.
The gnoll appears confused.
Unknown command.
The gnoll sergeant is engulfed in noxious fumes.
The gnoll sergeant appears confused.
The gnoll sergeant hits you with a +2 antimagic trident!
You die...

.......##...# ........
......)##...###.......
##...................#
...............###g..#
...............# #.g.#
.....<....##...###☼°.#
..........##....°.☼##########
..........##....○g.g........#
................@...........#
.....................oo.....#
.................h.......#
.......##...#.........# ##
............#.........####.
............#..............
.........#..............
.......................
.......................


You could see a gnoll sergeant (confused), a howler monkey, 3 gnolls and 2 orcs.

Vanquished Creatures
  Eustachio (D:5)
  Edmund (D:4)
  A water moccasin (D:6)
  2 black bears (D:5)
  3 ogres
  A bullfrog (D:5)
  2 necrophages
  4 scorpions
  2 howler monkeys (D:6)
  2 jellies
  2 orc priests
  3 hounds
  An iguana (D:4)
  Terence (D:3)
  An orc wizard (D:4)
  10 adders
  A white imp (D:4)
  2 ufetubi (D:6)
  5 worms
  4 dart slugs
  22 orcs
  5 bats
  4 endoplasms
  4 giant cockroaches
  3 goblins
  9 hobgoblins
  7 kobolds
  A quokka (D:5)
  6 ball pythons
  2 frilled lizards
  4 rats
116 creatures vanquished.

Vanquished Creatures (collateral kills)
  An ice beast (D:6)
  An orc (D:3)
2 creatures vanquished.

Vanquished Creatures (others)
  3 plants (D:1)
3 creatures vanquished.

Grand Total: 121 creatures vanquished

Notes
Turn   | Place    | Note
-------+----------+-------------------------------------------
     0 | D:1      | pokeman the Deep Elf Hedge Wizard began the quest for the
                  | Orb.
     0 | D:1      | Reached XP level 1. HP: 10/10 MP: 7/7
   166 | D:1      | Found Setua's Book Emporium.
   384 | D:1      | Reached XP level 2. HP: 16/16 MP: 3/9
  1434 | D:2      | Reached skill level 5 in Spellcasting
  1780 | D:2      | Reached XP level 3. HP: 20/20 MP: 5/11
  1784 | D:2      | Learned a level 3 spell: Mephitic Cloud
  1787 | D:2      | Learned a level 2 spell: Call Imp
  1790 | D:2      | Learned a level 2 spell: Blink
  2202 | D:2      | Reached skill level 1 in Fighting
  2202 | D:2      | Reached skill level 1 in Armour
  2406 | D:3      | Noticed Terence
  2427 | D:3      | Killed Terence
  2428 | D:3      | Reached XP level 4. HP: 17/25 MP: 2/13
  3251 | D:3      | Reached skill level 6 in Spellcasting
  3251 | D:3      | Reached XP level 5. HP: 19/29 MP: 5/15
  4123 | D:4      | Reached skill level 1 in Poison Magic
  4473 | D:4      | Reached XP level 6. HP: 34/34 MP: 14/17
  4648 | D:4      | Reached skill level 7 in Spellcasting
  4661 | D:4      | Reached skill level 1 in Air Magic
  4821 | D:4      | Noticed Edmund
  5197 | D:4      | Killed Edmund
  5198 | D:4      | Reached XP level 7. HP: 22/38 MP: 5/20
  5296 | D:5      | Entered Level 5 of the Dungeon
  5347 | D:5      | Reached skill level 8 in Spellcasting
  5586 | D:5      | Noticed Eustachio
  6059 | D:5      | Reached skill level 9 in Spellcasting
  6059 | D:5      | Reached XP level 8. HP: 44/44 MP: 12/23
  6154 | D:5      | Killed Eustachio
  6155 | D:5      | Reached skill level 5 in Conjurations
  6504 | D:5      | Identified the +7 spear of Dissolution {antimagic, *Corrode
                  | Fly rC+++ SInv}
  6557 | D:6      | Reached skill level 10 in Spellcasting
  6995 | D:6      | Reached skill level 11 in Spellcasting
  7068 | D:6      | HP: 2/45 [gnoll sergeant/+2 antimagic trident (12)]
  7069 | D:6      | Mangled by a gnoll sergeant

Illustrated notes

Levels and vault maps discovered:
D:1:      wander_arrival_chamber, layout_basic, serial_shops, shop_statue,
          serial_forest, infiniplex_forest_lined_room_3,
          infiniplex_forest_corner_1, infiniplex_forest_split,
          infiniplex_forest_split, infiniplex_forest_clump_double
D:2:      layout_basic
D:3:      layout_loops_ring, kennysheep_cross_room, kennysheep_doodads,
          uniq_terence
D:4:      layout_basic, chequers_serial_rivers_large_a, uniq_edmund
D:5:      layout_gridville, minivault_19, uniq_eustachio
D:6:      layout_basic, minmay_temple_entry_glassed_door

Skill      XL: |  1  2  3  4  5  6  7  8 |
---------------+-------------------------+-----
Spellcasting   | 5 6 7 9 11 | 11.1
Fighting       | 1 2 |  2.3
Armour         | 1 3 |  3.1
Conjurations   | 2 3 4 6 |  6.1
Stealth        | 3 |  3.0
Dodging        | 3 4 |  4.2
Poison Magic   | 1 |  1.3
Air Magic      | 1 |  1.1
Summonings     | |  1.1
Translocations | |  1.1

Action                   |  1- 3 |  4- 6 |  7- 9 || total
-------------------------+-------+-------+-------++-------
Melee: Dagger            |     9 |    52 |       ||    61
       Punch             |       |     1 |     1 ||     2
       Flail             |       |       |    55 ||    55
       Whip              |       |       |    24 ||    24
Throw: Dart              |       |       |     6 ||     6
 Cast: Magic Dart        |    93 |   163 |   130 ||   386
       Mephitic Cloud    |     2 |     9 |    16 ||    27
       Call Imp          |     1 |     5 |     3 ||     9
       Blink             |       |     1 |       ||     1
  Use: Potion            |       |       |     1 ||     1
 Stab: Confused          |     3 |     7 |    12 ||    22
       Sleeping          |       |       |     1 ||     1
Armor: Leather armour    |     2 |    16 |    15 ||    33
Dodge: Dodged            |     9 |    45 |    84 ||   138

Table legend: (Time is in decaauts)
 A = Elapsed time spent in this place.
 B = Non-inter-level travel time spent in this place.
 C = Inter-level travel time spent in this place.
 D = Time resting spent in this place.
 E = Time spent auto-exploring this place.
 F = Levels seen in this place.
 G = Mean time per level.
                   A        B        C        D        E       F      G
               +--------+--------+--------+--------+--------+-----+--------+
         Total |   7093 |   6955 |    138 |    430 |   5423 |   6 | 1182.2 |
       Dungeon |   7093 |   6955 |    138 |    430 |   5423 |   6 | 1182.2 |
               +--------+--------+--------+--------+--------+-----+--------+

Top non-repeatable levels by time:
     D:4: 1522 daAuts
     D:2: 1413 daAuts
     D:5: 1258 daAuts
     D:3: 1213 daAuts
     D:1: 1147 daAuts
     D:6: 537 daAuts
